Map: [ESL] Tropical Sacrifice

Players

maru

  • Race: Terran Terran
  • League: Diamond
  • Spawn Location: 7:00

Reynor - Winner!

  • Race: Zerg Zerg
  • League: Master
  • Spawn Location: 1:00

Event: TSL 9

VOD

Have the link to the VOD?

Description

Time

  • Played on: Sept. 3, 2022, 12:34 p.m.
  • Length: 14:00

All games in this series

Show
View Real Time Build Order
Export as new Build Order

maru Terran 

Build Orders: Command Center First (CC) 

Get SALT Encoding   

  12  0:00  SCV  
  13  0:12  SCV  
  14  0:18  Supply Depot  
  14  0:24  SCV  
  15  0:40  SCV  
  16  0:52  SCV  
  17  0:59  Command Center  
  17  1:04  SCV  
  18  1:14  Barracks  
  18  1:17  SCV  
  19  1:23  Refinery  
  19  1:29  SCV  
  19  1:32  Refinery  
  20  1:41  SCV  
  21  1:53  SCV  
  22  2:00  Marine  
  23  2:05  Orbital Command  
  23  2:11  Orbital Command  
  23  2:15  Factory  
  23  2:22  Barracks Reactor  
  23  2:31  SCV  
  24  2:37  SCV  
  24  2:43  SCV  
  26  2:49  Command Center  
  26  2:51  SCV  
  26  2:56  SCV  
  28  3:02  Starport  
  28  3:03  SCV  
  29  3:06  Hellion  
  29  3:09  SCV  
  32  3:13  Supply Depot  
  32  3:15  Hellion  
  32  3:17  SCV  
  35  3:20  Barracks Tech Lab  
  35  3:21  SCV  
  36  3:30  SCV  
  36  3:34  SCV  
  38  3:36  Hellion x2  
  38  3:38  Supply Depot  
  42  3:42  Viking  
  42  3:44  SCV  
  42  3:48  Stimpack  
  45  3:50  Marine  
  46  4:00  SCV  
  46  4:01  SCV  
  49  4:07  Barracks, Orbital Command  
  48  4:12  Barracks, SCV  
  48  4:13  Factory Reactor  
  48  4:14  Starport Reactor  
  48  4:16  SCV  
  50  4:24  Engineering Bay x2, SCV  
  50  4:29  Supply Depot  
  50  4:30  SCV  
  52  4:35  SCV  
  52  4:36  SCV  
  52  4:37  Marine  
  55  4:41  Refinery  
  55  4:43  SCV  
  56  4:49  SCV  
  57  4:53  Barracks x2  
  57  4:54  Terran Infantry Armor Level 1, Terran Infantry Weapons Level 1  
  57  5:00  SCV  
  57  5:03  Marine x2  
  57  5:04  Factory Reactor  
  57  5:06  SCV  
  61  5:10  Marine x2  
  61  5:11  Medivac x2, Orbital Command  
  61  5:12  SCV  
  68  5:16  Supply Depot  
  68  5:17  Supply Depot  
  68  5:18  Refinery, SCV  
  69  5:23  Marine x3  
  69  5:24  SCV  
  73  5:30  SCV  
  73  5:31  Combat Shield, Marine  
  73  5:32  Supply Depot, Marine  
  76  5:36  SCV  
  76  5:38  SCV  
  76  5:41  Widow Mine x2, Marine  
  84  5:42  Barracks Reactor, SCV  
  84  5:43  Barracks Reactor  
  84  5:48  SCV  
  85  5:50  SCV, Marine  
  85  5:55  SCV  
  85  5:56  Marine x2  
  90  6:00  SCV  
  90  6:03  SCV  
  92  6:04  Supply Depot  
  92  6:05  Supply Depot  
  92  6:07  SCV  
  92  6:08  Armory  
  92  6:10  Marine  
  92  6:11  Marine x2  
  96  6:13  SCV  
  96  6:14  Medivac, Marine x2  
  101  6:19  Supply Depot  
  101  6:21  SCV, Medivac  
  101  6:22  Marine  
  101  6:24  Widow Mine x2  
  109  6:26  SCV  
  109  6:32  SCV, Marine  
  105  6:33  SCV, Marine x2  
  105  6:35  Marine  
  105  6:38  SCV  
  108  6:44  SCV, Marine x2  
  108  6:46  SCV  
  111  6:50  Marine x4  
  111  6:52  Medivac x2, Widow Mine x2  
  123  7:01  Barracks  
  123  7:03  Barracks  
  123  7:04  Supply Depot, Barracks  
  123  7:08  Terran Infantry Weapons Level 2  
  123  7:09  Marine x4  
  123  7:12  Marine  
  123  7:13  Marine  
  123  7:15  Supply Depot  
  129  7:18  Widow Mine  
  129  7:22  SCV  
  130  7:23  SCV  
  130  7:26  Medivac x2  
  130  7:27  SCV  
  128  7:34  SCV  
  129  7:38  Marine x6  
  129  7:40  Widow Mine x2  
  118  7:44  SCV x2  
  118  7:46  SCV  
  118  7:47  Terran Infantry Armor Level 2  
  118  7:52  Marine x2  
  118  7:53  Marine  
  118  7:56  SCV x2, Barracks Tech Lab  
  118  7:57  Barracks Tech Lab x2  
  123  7:58  SCV  
  124  8:05  Marine  
  124  8:08  SCV, Marine  
  124  8:09  SCV, Marine  
  124  8:11  SCV, Marauder  
  132  8:16  Marauder  
  132  8:19  Supply Depot, Marine  
  135  8:20  Marauder  
  135  8:25  Marauder  
  133  8:29  Marine  
  133  8:30  Marine  
  133  8:32  Medivac, Marauder  
  133  8:37  Marauder  
  133  8:38  Marine x2  
  133  8:39  Marine x2  
  133  8:40  Widow Mine  
  143  8:41  Marauder  
  143  8:44  Medivac  
  143  8:47  Marauder  
  147  8:49  Supply Depot  
  147  8:51  Marine  
  147  8:54  Marauder  
  147  8:55  Marine x3  
  151  8:56  Marine  
  151  8:57  Concussive Shells  
  151  8:58  Marine  
  151  8:59  Marauder  
  157  9:08  Medivac  
  156  9:11  Marauder x2  
  156  9:14  Supply Depot, Marine  
  156  9:15  Marauder  
  163  9:20  Marauder  
  165  9:27  Supply Depot x2, Marine  
  165  9:36  Marauder x3  
  171  9:41  Marine x2  
  171  9:43  Marauder  
  166  9:47  Command Center, Marine  
  166  9:49  Medivac  
  155  9:57  Widow Mine  
  155  9:58  Marauder x3  
  157  10:04  Marauder  
  140  10:11  Marine x2  
  140  10:12  Marine x4  
  132  10:16  Medivac  
  132  10:19  Medivac, Marauder x2  
  140  10:23  Terran Infantry Weapons Level 3  
  140  10:24  SCV  
  140  10:25  SCV  
  140  10:27  Marine  
  140  10:28  Marine  
  144  10:34  Marauder x2  
  146  10:46  Terran Infantry Armor Level 3  
  136  10:53  Marauder, Marine x6  
  136  10:55  Marine  
  138  10:58  Marauder x2, Marine x2  
  139  11:05  Widow Mine x2  
  139  11:10  SCV x2, Marine  
  139  11:11  Marine  
  141  11:14  Marauder  
  141  11:16  Marauder  
  144  11:19  Marauder  
  144  11:23  Marauder, Marine x3  
  149  11:27  Orbital Command  
  149  11:30  Widow Mine x2  
  153  11:36  Marauder  
  155  11:41  Marauder x2, Marine x2  
  155  11:44  Marine x2  
  155  11:45  Marine  
  164  11:50  Refinery  
  164  11:51  Marauder, Marine  
  167  11:59  Medivac  
  168  12:07  Marauder x2, Marine x6  
  175  12:10  SCV  
  176  12:17  Supply Depot  
  173  12:25  Marauder x2  
  173  12:30  Marine  
  173  12:31  Marauder x2, Marine  
  173  12:34  Marine  
  174  12:38  Marine  
  174  12:39  Marine x4  
  178  12:44  SCV  
  178  12:45  SCV  
  178  12:47  Marauder x2  
  178  12:48  SCV, Marine x2  
  167  12:52  Marauder, Marine  
  167  12:54  Marine  
  167  12:57  SCV x2  
  173  13:00  SCV  
  173  13:03  Marine  
  173  13:04  Marine  
  176  13:08  Marauder x2  
  176  13:09  SCV x2  
  175  13:21  Marine x3  
  175  13:22  Marauder x2  
  175  13:26  Medivac  
  179  13:28  Medivac  
  179  13:29  Marauder  
  175  13:37  Marauder, Marine x3  
  175  13:41  Marine x2  
Show
View Real Time Build Order
Export as new Build Order

Reynor Zerg - Winner!

Build Orders: Hatch First, Lurkers 

Get SALT Encoding   

  12  0:00  Drone  
  13  0:12  Overlord  
  13  0:17  Drone  
  14  0:31  Drone x2  
  16  0:50  Hatchery  
  16  0:52  Drone  
  16  0:56  Drone  
  17  0:59  Drone  
  18  1:10  Extractor  
  17  1:15  Spawning Pool  
  16  1:19  Drone  
  16  1:22  Drone  
  18  1:29  Drone  
  19  1:39  Drone  
  20  1:50  Overlord  
  20  2:02  Queen x2, Drone x2  
  26  2:11  Drone  
  26  2:13  Drone  
  28  2:21  Drone  
  29  2:24  Drone  
  29  2:26  Metabolic Boost  
  30  2:36  Hatchery  
  29  2:38  Drone  
  29  2:40  Drone  
  31  2:45  Drone  
  31  2:46  Overlord  
  32  2:54  Drone  
  32  2:56  Queen, Drone  
  36  3:05  Drone  
  37  3:07  Drone  
  37  3:11  Queen  
  37  3:12  Overlord  
  40  3:13  Zergling x2  
  40  3:14  Zergling x2  
  40  3:17  Drone  
  43  3:20  Drone  
  44  3:30  Drone  
  44  3:31  Overlord  
  45  3:34  Queen  
  45  3:39  Drone  
  49  3:41  Drone  
  49  3:48  Zergling x2  
  50  3:50  Queen  
  50  3:51  Queen  
  50  3:52  Zergling x2  
  50  3:54  Drone  
  56  3:58  Overlord  
  56  4:00  Drone  
  57  4:03  Drone  
  57  4:06  Overlord  
  57  4:07  Zergling x2  
  57  4:08  Zergling x2  
  60  4:10  Queen, Drone  
  60  4:11  Drone  
  60  4:16  Overlord  
  64  4:19  Drone  
  64  4:20  Drone  
  66  4:25  Drone x2  
  66  4:26  Queen, Drone x3  
  66  4:28  Overlord  
  73  4:35  Lair  
  73  4:38  Baneling Nest, Drone, Extractor  
  71  4:40  Drone x2  
  71  4:42  Drone  
  71  4:43  Drone  
  75  4:46  Overlord  
  75  4:47  Drone  
  75  4:48  Drone  
  75  4:49  Drone  
  78  4:54  Drone  
  78  4:55  Drone x2  
  81  5:01  Drone x3  
  81  5:03  Overlord, Extractor  
  81  5:04  Zergling x6  
  86  5:08  Queen  
  88  5:15  Zergling x6  
  88  5:20  Zergling x2  
  92  5:24  Zergling x8  
  96  5:28  Hatchery  
  96  5:31  Zergling x2  
  96  5:32  Zergling x8  
  96  5:33  Centrifugal Hooks  
  96  5:35  Zergling x4  
  102  5:38  Zergling x4  
  102  5:42  Queen  
  106  5:44  Overlord  
  106  5:49  Overlord  
  106  5:55  Overlord  
  105  5:58  Baneling  
  105  5:59  Baneling x4  
  105  6:02  Drone x2  
  105  6:03  Drone, Evolution Chamber  
  107  6:04  Evolution Chamber  
  107  6:06  Drone x5  
  107  6:07  Drone  
  107  6:08  Drone  
  113  6:14  Drone, Extractor  
  113  6:15  Extractor  
  113  6:16  Baneling, Extractor  
  113  6:17  Spore Crawler, Baneling x2, Drone  
  113  6:18  Drone  
  112  6:19  Drone x2  
  112  6:20  Drone  
  112  6:24  Baneling x3  
  115  6:26  Drone  
  115  6:28  Overlord  
  115  6:31  Drone  
  114  6:34  Drone x3  
  114  6:39  Overlord  
  114  6:40  Drone  
  114  6:41  Drone  
  114  6:43  Drone  
  114  6:44  Drone  
  114  6:45  Zerg Ground Armor Level 1, Zerg Melee Weapons Level 1  
  114  6:46  Drone  
  111  6:48  Hydralisk Den  
  111  6:50  Zergling x4  
  111  6:52  Zergling x2  
  113  6:56  Drone x2  
  113  6:59  Zergling x2  
  116  7:03  Zergling x6  
  116  7:06  Overseer, Hatchery  
  118  7:12  Zergling x2  
  118  7:13  Zergling x4  
  121  7:17  Baneling x10  
  121  7:18  Baneling x5  
  121  7:20  Zergling x20  
  129  7:25  Zergling x2  
  129  7:26  Zergling x4  
  129  7:27  Queen x2  
  130  7:32  Drone x3  
  130  7:38  Baneling x6  
  130  7:41  Drone, Overlord  
  127  7:47  Zergling x24  
  127  7:48  Baneling x7  
  137  7:55  Muscular Augments  
  137  7:57  Hydralisk x3  
  143  7:58  Hydralisk x2  
  143  8:02  Zergling x2  
  148  8:06  Hydralisk  
  148  8:08  Hydralisk  
  148  8:12  Hydralisk, Overlord  
  152  8:14  Baneling x8  
  152  8:17  Zergling x2  
  153  8:21  Hydralisk  
  153  8:22  Zergling x4  
  144  8:27  Zergling x2  
  144  8:28  Zergling x16  
  149  8:37  Queen, Hydralisk x4  
  149  8:38  Zergling x4  
  149  8:40  Overlord  
  149  8:41  Zergling x2, Hydralisk  
  164  8:49  Zergling x4  
  164  8:51  Zergling x2, Hydralisk  
  164  8:52  Zergling x2  
  164  8:53  Zerg Ground Armor Level 2  
  164  8:54  Drone  
  164  8:55  Drone x3  
  174  8:58  Overlord  
  174  8:59  Baneling x5  
  172  9:03  Zergling x8  
  172  9:08  Hydralisk  
  172  9:09  Zergling x16  
  179  9:12  Baneling x6  
  179  9:14  Zergling x4  
  179  9:16  Extractor  
  180  9:20  Zergling x4, Hydralisk  
  180  9:22  Overlord  
  184  9:26  Zergling x10, Overseer x2  
  184  9:30  Zergling x8  
  190  9:31  Baneling x7  
  190  9:36  Overlord x3  
  190  9:41  Baneling x6  
  190  9:45  Zergling x20  
  195  9:49  Hydralisk  
  195  9:50  Zergling x6  
  186  9:56  Zergling x14  
  186  9:59  Zerg Melee Weapons Level 2  
  169  10:07  Hydralisk  
  169  10:08  Zergling x16  
  169  10:09  Hydralisk  
  169  10:10  Zergling x6  
  178  10:14  Zergling x2, Hydralisk  
  178  10:19  Infestation Pit  
  178  10:20  Zergling x6  
  183  10:24  Drone x4  
  183  10:26  Baneling x12  
  187  10:29  Zergling x6  
  187  10:35  Zergling x12  
  193  10:36  Zergling x4  
  193  10:37  Grooved Spines  
  193  10:40  Zergling x4  
  192  10:44  Hydralisk  
  192  10:45  Zergling x4  
  188  10:51  Zergling x14  
  188  10:55  Hive  
  183  11:05  Zergling x28  
  183  11:11  Lurker Den  
  195  11:12  Baneling x16  
  195  11:14  Zergling x6  
  195  11:17  Hydralisk  
  195  11:18  Zergling x4  
  199  11:21  Zergling x4  
  200  11:31  Pneumatized Carapace  
  200  11:34  Baneling x11  
  200  11:38  Extractor  
  199  11:46  Hatchery  
  196  11:55  Hydralisk  
  196  11:56  Zergling x4  
  195  12:03  Zergling x16  
  200  12:17  Adrenal Glands  
  200  12:19  Zergling x6  
  187  12:23  Zergling x12  
  187  12:24  Zergling x22  
  187  12:26  Overlord  
  187  12:27  Overlord  
  195  12:33  Zergling x10  
  195  12:36  Overlord  
  195  12:48  Zergling x20  
  195  12:50  Baneling  
  195  12:51  Baneling x22  
  198  13:00  Seismic Spines  
  198  13:01  Spore Crawler  
  198  13:02  Spore Crawler  
  196  13:09  Zergling x12  
  199  13:17  Overseer  
  198  13:24  Lurker x5  
  198  13:26  Zergling x6  
  194  13:37  Zergling x36  
  194  13:38  Hatchery  
Tags
 
Add a new tag
Caveats
  • Supply blocks, unpowered buildings, or Contaminate may cause inaccurate times.
  • Supply counts are checked every 10 seconds.